 Dungeon Crawl Stone Soup version 0.31-a0-198-g2ad674f65e (webtiles) character file.

Game seed: 10145592002563829201

166 qw the Skirmisher (level 5, -2/29 HPs)
             Began as a Deep Elf Hunter on June 25, 2023.
             Slain by Duvessa
             ... wielding a +0 rapier
              (4 damage)
             ... on level 4 of the Dungeon.
             The game lasted 00:00:53 (2284 turns).

qw the Skirmisher (Deep Elf Hunter)                 Turns: 2284, Time: 00:00:54

Health: -2/29      AC:  9    Str: 10    XL:     5   Next: 22%
Magic:  7/7        EV: 11    Int: 14    God:
Gold:   124        SH:  0    Dex: 18    Spells: 4/4 levels left

rFire   + . .        Y - +1 shortbow
rCold   . . .        (shield currently unavailable)
rNeg    . . .        a - +0 ring mail
rPois   .            (no helmet)
rElec   .            h - +0 cloak
rCorr   .            j - +2 pair of gloves
SInv    .            (no boots)
Will    .....        (no amulet)
Stlth   +            e - ring of protection from fire
HPRegen 0.24/turn    (no ring)
MPRegen 0.10/turn

%: no passive effects
@: no status effects
A: no striking features
a: no special abilities


You were on level 4 of the Dungeon.
You visited 1 branch of the dungeon, and saw 4 of its levels.

You collected 124 gold pieces.


   Skills:
 - Level 1.5 Fighting
 + Level 8.7 Ranged Weapons
 - Level 2.4 Dodging
 - Level 1.2 Stealth


You had 4 spell levels left.
You didn't know any spells.
Your spell library was empty.

Inventory:

Hand Weapons
 Y - a +1 shortbow (weapon)
Armour
 a - a +0 ring mail (worn)
 h - a +0 cloak (worn)
 j - a +2 pair of gloves (worn)
Jewellery
 e - a ring of protection from fire (left hand)
Scrolls
 b - a scroll of poison {unknown}
Potions
 d - a potion of heal wounds {unknown}
 g - 2 potions of curing

Dungeon Overview and Level Annotations

Branches:
Dungeon (4/15)
 Temple: D:4-7

Altars:

Annotations:
D:4 Dowan, Duvessa


Message History

b - a scroll labelled EHUAMU KUITACH
Found a stone staircase leading up.
Dowan, Brother of Duvessa comes into view.
He is wielding a +0 dagger.
Dowan shouts!
You hear a shout!
Dowan points at you and mumbles some strange words.
You resist with some effort.
You shoot an arrow. The arrow barely misses Dowan.
A giant cockroach comes into view.
Duvessa, Sister of Dowan comes into view.
She is wielding a +0 rapier.
You shoot an arrow. The arrow completely misses Duvessa.
You shoot an arrow.
The arrow barely misses the giant cockroach.
Duvessa drinks a potion.
Duvessa seems to speed up.
The giant cockroach bites you but does no damage.
You shoot an arrow. The arrow hits the giant cockroach.
The giant cockroach is moderately wounded.
The giant cockroach closely misses you. The giant cockroach barely misses you.
You shoot an arrow. The arrow hits the giant cockroach.
You kill the giant cockroach!
You shoot an arrow.
The arrow hits Duvessa but does no damage.
Duvessa hits you with a +0 rapier! Dowan hits you but does no damage.
Duvessa hits you but does no damage.
You shoot an arrow. The arrow hits Duvessa!
Duvessa is moderately wounded.
Duvessa hits you with a +0 rapier. Dowan hits you but does no damage.
You shoot an arrow. The arrow hits Duvessa.
Duvessa is moderately wounded.
Duvessa misses you. Dowan hits you but does no damage.
Duvessa hits you with a +0 rapier.
You shoot an arrow.
The arrow hits Duvessa but does no damage.
Duvessa is moderately wounded.
Duvessa hits you with a +0 rapier! Dowan hits you but does no damage.
Duvessa hits you but does no damage.
You shoot an arrow.
The arrow hits Duvessa but does no damage.
Duvessa is moderately wounded.
Dowan hits you with a +0 dagger. Duvessa hits you with a +0 rapier.
You die...

#..# #. #..# # #.
#..#.#
##.########..#.####
..............>.... #.
##......#.#
######.###..###..#.#
...........####..#.#
#.....@e.....#..#.#
#.#.##e#####.#....#####
.... ##........ #....##
######### #..<#. ...##
. #... . ... #.


You could see Duvessa (fast) and Dowan.

Vanquished Creatures
  2 iguanas
  5 adders
  A worm (D:3)
  A dart slug (D:1)
  An orc (D:3)
  4 bats
  4 endoplasms
  2 giant cockroaches
  4 goblins
  8 hobgoblins
  6 jackals
  A quokka (D:4)
  4 ball pythons (D:1)
  2 frilled lizards (D:1)
  9 kobolds
  6 rats
60 creatures vanquished.

Notes
Turn   | Place    | Note
-------+----------+-------------------------------------------
     0 | D:1      | qw the Deep Elf Hunter began the quest for the Orb.
     0 | D:1      | Reached XP level 1. HP: 12/12 MP: 3/3
     0 | D:1      | 0 ||| qw: Version: 0.3-a-22-g0ed2b0b
     0 | D:1      | 0 ||| qw: Game counter: 5243
     0 | D:1      | 0 ||| qw: Melee chars always use a shield: true
     0 | D:1      | 0 ||| qw: God list: Okawaru
     0 | D:1      | 0 ||| qw: Allow faded altars: false
     0 | D:1      | 0 ||| qw: Do Orc after clearing Dungeon:15 true
     0 | D:1      | 0 ||| qw: Do second Lair branch before Depths: true
     0 | D:1      | 0 ||| qw: Lair rune preference: random
     0 | D:1      | 0 ||| qw: Goals: Normal
     0 | D:1      | 0 ||| PLANNING D:1-11
   134 | D:1      | Reached skill level 6 in Ranged Weapons
   134 | D:1      | Reached XP level 2. HP: 16/16 MP: 4/4
   524 | D:1      | Reached XP level 3. HP: 20/20 MP: 5/5
   752 | D:1      | 752 ||| UPGRADING to ring of protection from fire.
   753 | D:1      | 753 ||| READING scroll labelled RIODUE JAAMU WAE.
   754 | D:1      | 754 ||| READING scroll labelled CYSOXU XYKHEWN.
   755 | D:1      | 755 ||| READING scroll labelled OBUQASU NOAFE.
   756 | D:1      | 756 ||| DROPPING scroll of butterflies.
   845 | D:2      | HP: 5/20 [poisoned by an adder]
  1008 | D:2      | Reached skill level 7 in Ranged Weapons
  1623 | D:2      | 1623 ||| UPGRADING to +0 pair of gloves.
  1628 | D:2      | 1628 ||| READING scroll labelled METUBR PYON.
  1629 | D:2      | 1629 ||| DRINKING 2 orange potions.
  1651 | D:3      | Reached XP level 4. HP: 16/25 MP: 6/6
  1674 | D:3      | 1674 ||| FLEEEEING.
  1676 | D:3      | 1676 ||| STAIRDANCE
  1762 | D:3      | Reached skill level 8 in Ranged Weapons
  2130 | D:3      | 2130 ||| UPGRADING to +0 ring mail.
  2140 | D:3      | 2140 ||| DROPPING +0 leather armour.
  2141 | D:3      | 2141 ||| UPGRADING to +0 cloak.
  2146 | D:3      | 2146 ||| UPGRADING to +2 pair of gloves.
  2156 | D:3      | 2156 ||| DROPPING +0 pair of gloves.
  2157 | D:3      | 2157 ||| READING scroll labelled PENYUR SAZXI.
  2158 | D:3      | 2158 ||| READING 3 scrolls labelled DIET JEZOUDALE.
  2159 | D:3      | 2159 ||| DROPPING 2 scrolls of amnesia.
  2195 | D:4      | Reached XP level 5. HP: 29/29 MP: 7/7
  2274 | D:4      | Noticed Dowan
  2276 | D:4      | Noticed Duvessa
  2283 | D:4      | HP: 6/29 [Duvessa/+0 rapier (8)]
  2284 | D:4      | HP: 2/29 [Dowan/+0 dagger (4)]
  2284 | D:4      | Slain by Duvessa

Levels and vault maps discovered:
D:1:      nagdon_arrival_double_spiral, layout_basic
D:2:      layout_loops_corners
D:3:      layout_rooms, kennysheep_donut
D:4:      layout_basic, minmay_temple_entry_fiery, serial_shops, shop_fountains,
          uniq_duvessa

Skill      XL: |  1  2  3  4 |
---------------+-------------+-----
Ranged Weapons | 6 7 8 |  8.7
Fighting       | |  1.5
Dodging        | |  2.4
Stealth        | |  1.2

Action                     |  1- 3 |  4- 6 || total
---------------------------+-------+-------++-------
   Fire: Shortbow          |   130 |    75 ||   205
    Use: Scroll            |     4 |     2 ||     6
         Potion            |     1 |       ||     1
 Armour: Leather armour    |     8 |     3 ||    11
         Ring mail         |       |    11 ||    11
  Dodge: Dodged            |    35 |    17 ||    52

Table legend:
 A = Non-vault XP
 B = Vault XP
 C = Vault XP percentage of total XP
 D = Non-vault monster count
 E = Vault monster count
 F = Vault count percentage of total count
                 A         B        C        D         E       F
            +---------+---------+-------+---------+---------+-------
      Total |     238 |       0 |   0.0 |      60 |       0 |   0.0
            +---------+---------+-------+---------+---------+-------
        D:1 |      48 |       0 |   0.0 |      29 |       0 |   0.0
        D:2 |      43 |       0 |   0.0 |      12 |       0 |   0.0
        D:3 |      92 |       0 |   0.0 |      15 |       0 |   0.0
        D:4 |      55 |       0 |   0.0 |       4 |       0 |   0.0
            +---------+---------+-------+---------+---------+-------
